 Dungeon Crawl Stone Soup version 0.31-a0-728-g01b46875f1 (webtiles) character file.

Game seed: 18188634787382737710

134057 inmateoo the Executioner (level 16, -1/155 HPs)
             Began as a Minotaur Fighter on Sept 11, 2023.
             Was the Champion of Okawaru.
             Slain by a salamander
             ... wielding a +0 trident
              (20 damage)
             ... on level 3 of the Snake Pit.
             The game lasted 00:19:09 (19732 turns).

inmateoo the Executioner (Minotaur Fighter)        Turns: 19732, Time: 00:19:09

Health: -1/155     AC: 32    Str: 33    XL:     16   Next: 61%
Magic:  22/22      EV: 14    Int: 10    God:    Okawaru [******]
Gold:   1659       SH:  9    Dex: 13    Spells: 15/15 levels left

rFire   . . .        o - +6 broad axe (heavy)
rCold   . . .        a - +2 buckler "Ihox Xoc" {rPois Str+3 Int+5 Dex-2}
rNeg    + . .        T - +5 plate armour of the Frog {rElec}
rPois   +            G - +1 hat
rElec   +            J - +2 cloak "Put-Me-On" {rElec rN+}
rCorr   .            D - +2 pair of gloves
SInv    .            E - +1 pair of boots
Will    ++...        j - amulet of regeneration Stlth
                     Q - +6 ring of strength
HPRegen 1.25/turn    M - ring of willpower
MPRegen 0.18/turn

%: no passive effects
@: studying Fighting
A: horns 2, retaliatory headbutt
a: Renounce Religion, Heroism, Finesse, Duel


You were on level 3 of the Snake Pit.
You worshipped Okawaru.
Okawaru was exalted by your worship.
You visited 4 branches of the dungeon, and saw 24 of its levels.
You also visited: Sewer and Gauntlet.

You collected 2151 gold pieces.
You spent 492 gold pieces at shops.

Inventory:

Hand Weapons
 o - a +6 heavy broad axe (weapon)
 w - a +1 broad axe of electrocution
Armour
 a - the +2 buckler "Ihox Xoc" (worn) {rPois Str+3 Int+5 Dex-2}
   (You found it on level 9 of the Dungeon)

   Str+3:     It affects your strength (+3).
   Int+5:     It affects your intelligence (+5).
   Dex-2:     It affects your dexterity (-2).
   rPois:     It protects you from poison
 D - a +2 pair of gloves (worn)
 E - a +1 pair of boots (worn)
 G - a +1 hat (worn)
 J - the +2 cloak "Put-Me-On" (worn) {rElec rN+}
   (Okawaru gifted it to you in a Gauntlet)

   rElec:     It insulates you from electricity.
   rN+:       It protects you from negative energy.
 T - the +5 plate armour of the Frog (worn) {rElec}
   (Okawaru gifted it to you on level 3 of the Snake Pit)

   rElec:     It insulates you from electricity.
Jewellery
 b - a ring of flight
 j - an amulet of regeneration (around neck)
 m - a ring of poison resistance
 H - the ring "Zotwah" {rN+ rCorr MP+9 Stlth-}
   (You found it on level 1 of the Snake Pit)

   [ring of magical power]

   rN+:       It protects you from negative energy.
   MP+9:      It affects your magic capacity (+9).
   rCorr:     It protects you from acid and corrosion.
   Stlth-:    It makes you less stealthy.
 M - a ring of willpower (right hand)
 Q - a +6 ring of strength (left hand)
 R - a ring of resist corrosion
Wands
 f - a wand of acid (14)
 s - a wand of iceblast (18)
 t - a wand of digging (3)
 u - a wand of flame (30)
 B - a wand of polymorph (8)
 I - a wand of paralysis (10)
 K - a wand of mindburst (20)
Scrolls
 k - 19 scrolls of identify
 l - 3 scrolls of enchant armour
 p - 2 scrolls of immolation
 x - 7 scrolls of teleportation
 y - 2 scrolls of fog
 F - 3 scrolls of silence
 N - 3 scrolls of fear
 O - 6 scrolls of revelation
 P - 2 scrolls of blinking
Potions
 c - 3 potions of cancellation
 d - 5 potions of might
 e - a potion of attraction
 i - 5 potions of enlightenment
 n - 6 potions of curing
 q - 5 potions of haste
 r - a potion of magic
 v - 4 potions of brilliance
 z - 3 potions of ambrosia
 A - 5 potions of mutation
 C - 3 potions of resistance
 L - 4 potions of heal wounds
 S - a potion of lignification
Miscellaneous
 g - a condenser vane


   Skills:
 + Level 17.5 Fighting
 * Level 22.0 Axes
 + Level 14.9 Armour
 + Level 13.0 Dodging
 + Level 14.5 Shields
 - Level 10.0 Invocations


You had 15 spell levels left.
You didn't know any spells.
Your spell library contained the following spells:

 Spells                   Type           Power      Damage    Failure   Level
 Foxfire                  Conj/Fire      0%         2x1d4     88%         1
 Shock                    Conj/Air       0%         1d3       88%         1
 Slow                     Hex            0%         N/A       88%         1
 Sting                    Tmut/Pois      0%         1d3       88%         1
 Blink                    Tloc           0%         N/A       96%         2
 Cigotuvi's Dreadful Rot  Necr/Pois/Air  0%         N/A       96%         2
 Ensorcelled Hibernation  Hex/Ice        0%         N/A       96%         2
 Jinxbite                 Hex            0%         N/A       96%         2
 Lesser Beckoning         Tloc           0%         N/A       96%         2
 Momentum Strike          Conj/Tloc      0%         3d8       96%         2
 Passwall                 Tmut/Erth      0%         N/A       96%         2
 Poisonous Vapours        Pois/Air       0%         N/A       96%         2
 Scorch                   Fire           0%         2d5       96%         2
 Sublimation of Blood     Necr           0%         N/A       96%         2
 Wereblood                Tmut           0%         N/A       96%         2
 Confusing Touch          Hex            0%         N/A       99%         3
 Dazzling Flash           Conj/Hex       0%         N/A       99%         3
 Ignite Poison            Fire/Tmut/Pois 0%         N/A       99%         3
 Sigil of Binding         Hex            0%         N/A       99%         3
 Swiftness                Air            0%         N/A       99%         3
 Vampiric Draining        Necr           0%         2d6       99%         3
 Airstrike                Air            0%         2d(0-16)  100%        4
 Anguish                  Hex/Necr       0%         N/A       100%        4
 Dispel Undead            Necr           0%         3d6       100%        4
 Olgreb's Toxic Radiance  Pois           0%         N/A       100%        4
 Sticky Flame             Conj/Fire      0%         2d3       100%        4
 Agony                    Necr           0%         N/A       100%        5
 Alistair's Intoxication  Tmut/Pois      0%         N/A       100%        5
 Borgnjor's Vile Clutch   Necr/Erth      0%         N/A       100%        5
 Metabolic Englaciation   Hex/Ice        0%         N/A       100%        5
 Silence                  Hex/Air        0%         N/A       100%        5
 Eringya's Noxious Bog    Tmut/Pois      0%         4d6       100%        6
 Plasma Beam              Fire/Air       0%         2x1d10    100%        6
 Starburst                Conj/Fire      0%         6d3       100%        6
 Orb of Destruction       Conj           0%         9d5       100%        7
 Discord                  Hex            0%         N/A       100%        8
 Ignition                 Fire           0%         3d3       100%        8
 Death's Door             Necr           0%         N/A       100%        9
 Polar Vortex             Ice            0%         N/A       100%        9
 Summon Guardian Golem    Hex/Summ       Unusable   N/A       N/A         3
 Spellforged Servitor     Conj/Summ      Unusable   N/A       N/A         7
 Summon Hydra             Summ           Unusable   N/A       N/A         7

Dungeon Overview and Level Annotations

Branches:
Dungeon (15/15)            Temple (1/1) D:4            Lair (5/5) D:8
 Shoals (0/4) Lair:2        Snake (3/4) Lair:3        Slime (0/5) Lair:4
    Orc (0/2) D:11         Vaults (0/5) D:13         Depths (0/4) D:15
  Sewer (visited)         Gauntlet (visited)

Altars:
Ashenzari
Cheibriados
Dithmenos
Elyvilon
Fedhas
Gozag
Hepliaklqana
Kikubaaqudgha
Makhleb
Nemelex Xobeh
Okawaru
Qazlal
Ru
Sif Muna
Trog
Uskayaw
Vehumet
Wu Jian
Xom
Yredelemnul
Zin
The Shining One
Jiyva
Lugonu

Shops:
D:4 (   D:9 *   D:10 *   Snake:1 !

Portals:
Abyss: Lair:5
Trove: D:11 (give +2 gold dragon scales)

Annotations:
D:8 2 runed translucent doors
Lair:4 2 transporters, Stil's ghost, journeyman OpIE


Innate Abilities, Weirdness & Mutations

You have a pair of horns on your head.
You reflexively headbutt those who attack you in melee.


Message History

The naga warrior hits you but does no damage.
The naga warrior grabs you. The naga warrior constricts you.
The salamander hits you from afar with a +0 trident!
You are engulfed in flames!
The salamander mystic gestures at the naga warrior while chanting.
The naga warrior seems to speed up.
You are too injured to fight recklessly!
You carve the naga warrior like a ham!!!
You kill the naga warrior!
Okawaru accepts your kill.
You hit the salamander mystic. You block the black mamba's attack.
The black mamba bites you!
The salamander hits you from afar with a +0 trident!
* * * LOW HITPOINT WARNING * * *
You are engulfed in flames!
* * * LOW HITPOINT WARNING * * *
The salamander mystic closely misses you.
Your Axes skill increases to level 22!
You are too injured to fight recklessly!
You are too injured to fight recklessly!
You slash the salamander mystic!
You kill the salamander mystic!
Okawaru accepts your kill.
You slash the black mamba! The black mamba misses you. You furiously retaliate!
You headbutt the black mamba. The black mamba bites you!
* * * LOW HITPOINT WARNING * * *
The salamander hits you but does no damage.
The black mamba barely misses you. You furiously retaliate!
You headbutt the black mamba.
Your Dodging skill increases to level 13!
You closely miss the black mamba. Your headbutt misses the black mamba.
The black mamba is heavily wounded.
The black mamba bites you but does no damage.
You block the black mamba's attack.
The salamander hits you but does no damage.
The black mamba misses you. You furiously retaliate!
You headbutt the black mamba!
The black mamba bites you but does no damage. x2
The salamander hits you with a +0 trident!!
You die...

......♣..~P.♣....................
......#..........................
......'.)....................<...
......#..........................
......##.........................
..################......###'#####
..#################..)..###.#####
...........##....##......##)))...
...........##...@##......##)))...
...........##..NS.'......##....<.
...........##....##......##......
.).......[.##....##......##......
#....########.#############.....#
#....#### #+ ###########.....##
........# #...##..........##
........# #...##..........##
........# #...##..........##


You could see a salamander (strong) and a black mamba (fast).

Vanquished Creatures
  Mlioglotl (Snake:2)
  Jorgrun (D:14)
  Kirke (D:12)
  Aizul (Snake:2)
  A minotaur (Gauntlet)
  8 hydras
  A boulder beetle (D:15)
  7 anacondas
  2 death knights (D:15)
  Erica (D:10)
  5 centaur warriors
  2 catoblepae
  2 tengu warriors
  3 dancing weapons (D:14)
  3 two-headed ogres
  A deep troll earth mage (D:15)
  13 naga warriors
  3 thrashing horrors (Lair:5)
  8 naga sharpshooters
  9 death yaks (Lair:4)
  6 shock serpents
  Urug (Lair:3)
  The ghost of Turgon the Martial Artist, a novice OpSh of Elyvilon (D:10)
  A deep elf knight (D:15)
  Amaemon (Lair:2)
  2 salamander mystics (Snake:3)
  3 skysharks
  A skeletal warrior (D:14)
  Lodul (D:11)
  A deep troll (D:13)
  The ghost of Flugkiller the Changeling, a novice OpSh of Okawaru (D:7)
  4 naga ritualists
  A phantasmal warrior (D:14)
  A lindwurm (D:13)
  5 deep elf pyromancers
  8 mana vipers
  A lindwurm (shapeshifter) (D:14)
  3 oklob plants
  12 ugly things
  11 salamanders
  A worldbinder (Gauntlet)
  An orc knight (D:15)
  A necromancer (Gauntlet)
  A manticore (D:8)
  26 black mambas
  9 elephants
  7 cyclopes
  A merfolk siren (Lair:2)
  An orange demon (Lair:2)
  9 cane toads
  9 naga magi
  A black mamba (shapeshifter) (D:13)
  4 guardian serpents
  Jeremiah (D:8)
  Maggie (D:8)
  2 smoke demons (Lair:5)
  An unseen horror (shapeshifter) (D:13)
  Psyche (D:8)
  An unseen horror (D:12)
  2 freezing wraiths
  2 rime drakes
  8 komodo dragons
  A yaktaur (shapeshifter) (D:14)
  2 kobold demonologists (D:12)
  A tengu conjurer (D:13)
  A queen bee (D:12)
  5 trolls
  A tarantella (shapeshifter) (Lair:5)
  A polar bear (shapeshifter) (D:14)
  A hornet (D:8)
  22 blink frogs
  A raiju (Lair:5)
  7 dream sheep (Lair:4)
  A centaur simulacrum (D:15)
  A vampire (D:11)
  6 flying skulls (Gauntlet)
  A shadow (D:12)
  3 slime creatures (D:13)
  6 wyverns
  A spriggan (Lair:5)
  6 wraiths
  3 ynoxinuls (Lair:5)
  41 yaks
  3 steam dragons
  3 hogs (D:12)
  6 basilisks
  A vampire mosquito (D:8)
  2 large abominations (Lair:5)
  28 nagas
  19 water moccasins
  2 acid dragons
  2 black bears
  Pargi (Sewer)
  An orc warrior (D:6)
  2 sky beasts (D:8)
  8 wolves
  8 ogres
  3 boggarts (Gauntlet)
  11 centaurs
  11 small abominations (Lair:5)
  2 phantoms
  5 kobold brigands
  2 gnoll sergeants
  A scorpion (D:6)
  8 bullfrogs
  9 killer bees (D:12)
  2 electric eels (Lair:5)
  3 howler monkeys
  3 centaur zombies
  2 jellies
  A centaur skeleton (D:7)
  3 orc priests
  4 gnoll boudas
  A hound (D:6)
  Ijyb (D:3)
  3 iguanas
  3 orc wizards
  5 hell rats (Lair:5)
  17 gnolls
  A howler monkey skeleton (D:7)
  11 adders
  A shadow imp (D:7)
  3 white imps
  An ufetubus (D:5)
  5 worms
  3 dart slugs
  25 orcs
  9 bats
  9 endoplasms
  4 giant cockroaches
  2 goblins
  12 hobgoblins
  4 jackals (D:1)
  29 kobolds
  6 quokkas
  8 ball pythons
  5 frilled lizards
  9 rats
673 creatures vanquished.

Notes
Turn   | Place    | Note
-------+----------+-------------------------------------------
     0 | D:1      | inmateoo the Minotaur Fighter began the quest for the Orb.
     0 | D:1      | Reached XP level 1. HP: 19/19 MP: 0/0
    75 | D:1      | Reached XP level 2. HP: 27/27 MP: 1/1
   172 | D:1      | Reached skill level 3 in Axes
   297 | D:1      | Reached skill level 1 in Dodging
   343 | D:1      | Reached XP level 3. HP: 8/33 MP: 2/2
  1049 | D:2      | Reached XP level 4. HP: 40/40 MP: 3/3
  1074 | D:2      | Reached skill level 4 in Axes
  1138 | D:2      | Reached XP level 5. HP: 27/46 MP: 4/4
  1649 | D:3      | Reached XP level 6. HP: 53/53 MP: 5/5
  1722 | D:3      | Noticed Ijyb
  1729 | D:3      | Killed Ijyb
  1730 | D:3      | Reached skill level 5 in Axes
  1753 | D:3      | Found a broken altar of Ashenzari.
  1759 | D:3      | Found a shadowy altar of Dithmenos.
  1763 | D:3      | Found a shimmering altar of Xom.
  1767 | D:3      | Found a blossoming altar of Fedhas.
  1778 | D:3      | Found a burning altar of Makhleb.
  2122 | D:4      | Found a staircase to the Ecumenical Temple.
  2176 | D:4      | Reached skill level 5 in Fighting
  2176 | D:4      | Reached skill level 5 in Armour
  2232 | Temple   | Entered the Ecumenical Temple
  2242 | Temple   | Became a worshipper of Warmaster Okawaru
  2314 | D:4      | Found Cupitu's Antique Weapon Emporium.
  2427 | D:4      | Found a glowing drain.
  2453 | Sewer    | Entered a sewer
  2503 | Sewer    | Noticed Pargi
  2510 | Sewer    | Killed Pargi
  2511 | Sewer    | Reached skill level 5 in Shields
  2511 | Sewer    | Reached XP level 7. HP: 61/61 MP: 6/6
  2525 | Sewer    | Reached skill level 6 in Axes
  2737 | D:5      | Entered Level 5 of the Dungeon
  2847 | D:5      | Reached skill level 1 in Invocations
  2918 | D:5      | Reached * piety under Okawaru
  3535 | D:5      | Reached XP level 8. HP: 63/70 MP: 8/8
  3755 | D:6      | Reached skill level 7 in Axes
  4394 | D:7      | Reached ** piety under Okawaru
  4419 | D:7      | Reached skill level 8 in Axes
  4678 | D:7      | Reached XP level 9. HP: 78/78 MP: 10/10
  4690 | D:7      | Found a runed translucent gate.
  4690 | D:7      | Found a runed translucent gate.
  4690 | D:7      | Found a runed translucent gate.
  4691 | D:7      | Noticed Flugkiller's ghost (novice OpSh)
  4845 | D:7      | Reached skill level 5 in Dodging
  5046 | D:7      | Identified a scroll of acquirement
  5046 | D:7      | Acquired a manual of Axes
  5070 | D:7      | Killed Flugkiller's ghost
  5070 | D:7      | Reached *** piety under Okawaru
  5071 | D:7      | Reached skill level 9 in Axes
  5114 | D:8      | Noticed Jeremiah
  5121 | D:8      | Killed Jeremiah
  5122 | D:8      | Reached skill level 10 in Axes
  5201 | D:8      | Noticed a komodo dragon
  5216 | D:8      | Killed a komodo dragon
  5217 | D:8      | Reached XP level 10. HP: 32/88 MP: 12/12
  5232 | D:8      | Reached **** piety under Okawaru
  5233 | D:8      | Reached skill level 11 in Axes
  5380 | D:8      | Found a staircase to the Lair.
  5530 | D:8      | Found a stormy altar of Qazlal.
  5583 | D:8      | Noticed Psyche
  5587 | D:8      | Killed Psyche
  5681 | D:8      | Noticed Maggie
  5690 | D:8      | Killed Maggie
  5935 | D:8      | Found a basalt altar of Yredelemnul.
  6141 | D:8      | Found a runed translucent door.
  6141 | D:8      | Found a runed translucent door.
  6141 | D:8      | Noticed a catoblepas
  6141 | D:8      | Noticed a gargoyle
  6165 | D:8      | Reached skill level 12 in Axes
  6188 | D:8      | Noticed a cyclops
  6188 | D:8      | Noticed a seven-headed hydra
  6189 | D:8      | Noticed a deep elf pyromancer
  6189 | D:8      | Noticed a manticore
  6190 | D:8      | Noticed a cyclops
  6191 | D:8      | Noticed a two-headed ogre
  6199 | D:8      | Killed a 12-headed hydra
  6200 | D:8      | Reached skill level 5 in Invocations
  6202 | D:8      | Killed a cyclops
  6202 | D:8      | Reached ***** piety under Okawaru
  6204 | D:8      | Killed a deep elf pyromancer
  6205 | D:8      | Reached skill level 13 in Axes
  6205 | D:8      | Killed a cyclops
  6207 | D:8      | Killed a two-headed ogre
  6207 | D:8      | Identified the +1 spear of Poxtoaps {antimagic, *Slow Str+3
                  | Int+3 SInv} (Okawaru gifted it to you on level 8 of the
                  | Dungeon)
  6207 | D:8      | Received a gift from Okawaru
  6208 | D:8      | Reached XP level 11. HP: 19/95 MP: 11/14
  6280 | D:8      | Identified the amulet "Kimnoiwo" {Spirit +Blink rF- rC-
                  | Int+8}
  6290 | D:8      | Got Vv's Codex of Algid Cinders
  6416 | D:9      | Reached skill level 14 in Axes
  6511 | D:9      | Identified the +2 buckler "Ihox Xoc" {rPois Str+3 Int+5
                  | Dex-2}
  6636 | D:9      | Found Voociwop's CLEARANCE SALE!.
  6650 | D:9      | Found a shimmering blue altar of Sif Muna.
  7078 | D:10     | Entered Level 10 of the Dungeon
  7124 | D:10     | Noticed Erica
  7144 | D:10     | Killed Erica
  7396 | D:10     | Found a runed translucent door.
  7397 | D:10     | Noticed Turgon's ghost (novice OpSh)
  7453 | D:10     | Killed Turgon's ghost
  7480 | D:10     | Found Gozag's Platinum Reserve.
  7482 | D:10     | Found an opulent altar of Gozag.
  7499 | D:10     | Found a hide-covered altar of Uskayaw.
  7674 | D:11     | Reached skill level 15 in Axes
  7695 | D:11     | Noticed a two-headed ogre
  7699 | D:11     | Killed a two-headed ogre
  7896 | D:11     | Found a staircase to the Orcish Mines.
  7896 | D:11     | Noticed a cyan ugly thing
  7900 | D:11     | Killed a cyan ugly thing
  7950 | D:11     | Found a sparkling altar of Nemelex Xobeh.
  7950 | D:11     | Noticed Lodul
  7954 | D:11     | Identified the +3 broad axe of Hell's Wrath {distort, rF++
                  | rN+ Dex-4 Stlth+} (Okawaru gifted it to you on level 11 of
                  | the Dungeon)
  7954 | D:11     | Received a gift from Okawaru
  7966 | D:11     | Killed Lodul
  7967 | D:11     | Reached skill level 10 in Fighting
  8207 | D:11     | Reached skill level 10 in Armour
  8207 | D:11     | Reached XP level 12. HP: 98/106 MP: 16/16
  8207 | D:11     | Noticed a two-headed ogre
  8214 | D:11     | Killed a two-headed ogre
  8215 | D:11     | Reached skill level 16 in Axes
  8226 | D:11     | Found a portal to a secret trove of treasure.
  8464 | D:12     | Reached ****** piety under Okawaru
  8701 | D:12     | Reached skill level 10 in Shields
  8704 | D:11     | Received a gift from Okawaru
  8893 | D:12     | Noticed Kirke
  8901 | D:12     | Reached skill level 17 in Axes
  8903 | D:12     | Killed Kirke
  9295 | D:13     | Noticed a centaur warrior
  9301 | D:13     | Killed a centaur warrior
  9332 | D:13     | Noticed a centaur warrior
  9339 | D:13     | Killed a centaur warrior
  9412 | D:13     | Received a gift from Okawaru
  9494 | D:13     | Reached XP level 13. HP: 45/116 MP: 17/17
  9545 | D:13     | Found a gate to the Vaults.
 10079 | D:14     | Found a gate leading to a gauntlet.
 10101 | Gauntlet | Entered a Gauntlet
 10101 | Gauntlet | Found a transporter.
 10101 | Gauntlet | Found a runed translucent gate.
 10101 | Gauntlet | Found a runed translucent door.
 10101 | Gauntlet | Found a transporter.
 10103 | Gauntlet | Found a runed translucent gate.
 10103 | Gauntlet | Found a runed translucent door.
 10114 | Gauntlet | Found a transporter.
 10132 | Gauntlet | Found a transporter.
 10132 | Gauntlet | Found a transporter.
 10132 | Gauntlet | Found a transporter.
 10135 | Gauntlet | Found a transporter.
 10135 | Gauntlet | Found a transporter.
 10149 | Gauntlet | Found a transporter.
 10166 | Gauntlet | Found the necklace of Bloodlust {Fury *Rage Will++ Int-3
                  | Slay+6}
 10167 | Gauntlet | Found a transporter.
 10176 | Gauntlet | Found a runed translucent door.
 10177 | Gauntlet | Found a transporter.
 10177 | Gauntlet | Noticed a minotaur
 10178 | Gauntlet | Found a runed translucent door.
 10192 | Gauntlet | Found a transporter.
 10212 | Gauntlet | Found a transporter.
 10225 | Gauntlet | Found a transporter.
 10242 | Gauntlet | Found a runed translucent gate.
 10408 | Gauntlet | Killed a minotaur
 10408 | Gauntlet | Identified the +2 cloak "Put-Me-On" {rElec rN+} (Okawaru
                  | gifted it to you in a Gauntlet)
 10408 | Gauntlet | Received a gift from Okawaru
 10409 | Gauntlet | Reached skill level 18 in Axes
 10425 | Gauntlet | Identified the +5 quarterstaff of Guxodwest {freeze, rC-
                  | Int+5}
 10426 | Gauntlet | Got the Tome of Envenoming and Obstruction
 10426 | Gauntlet | Got Borahute's Compendium of the Horrible Hornet
 10444 | D:14     | Noticed Jorgrun
 10458 | D:14     | Killed Jorgrun
 10544 | D:14     | Found a shimmering altar of Xom.
 10582 | D:14     | Found a runed translucent door.
 10972 | D:14     | Acquired a manual of Fighting
 11040 | D:15     | Entered Level 15 of the Dungeon
 11044 | D:15     | Reached skill level 10 in Dodging
 11406 | D:15     | Received a gift from Okawaru
 11642 | D:15     | Reached XP level 14. HP: 127/127 MP: 19/19
 11754 | D:15     | Found a staircase to the Depths.
 12147 | Lair:1   | Entered Level 1 of the Lair of Beasts
 12782 | Lair:2   | Received a gift from Okawaru
 12783 | Lair:2   | Reached skill level 19 in Axes
 12788 | Lair:2   | Found a staircase to the Shoals.
 13090 | Lair:2   | Noticed Amaemon
 13099 | Lair:2   | Killed Amaemon
 14107 | Lair:3   | Found a staircase to the Snake Pit.
 14445 | Lair:3   | Noticed Urug
 14449 | Lair:3   | Killed Urug
 14624 | Lair:4   | Found a transporter.
 14627 | Lair:4   | Found a transporter.
 14664 | Lair:4   | Found a viscous altar of Jiyva.
 14664 | Lair:4   | Found a staircase to the Slime Pits.
 14694 | Lair:4   | Received a gift from Okawaru
 15017 | Lair:4   | Found a snail-covered altar of Cheibriados.
 15044 | Lair:4   | Noticed Stil's ghost (journeyman OpIE)
 15286 | Lair:5   | Entered Level 5 of the Lair of Beasts
 15298 | Lair:5   | Reached XP level 15. HP: 139/139 MP: 21/21
 15307 | Lair:5   | Received a gift from Okawaru
 15343 | Lair:5   | Reached skill level 10 in Invocations
 15364 | Lair:5   | Reached skill level 20 in Axes
 15767 | Lair:5   | Reached skill level 15 in Fighting
 16248 | Lair:5   | Received a gift from Okawaru
 16458 | Lair:5   | Found a corrupted altar of Lugonu.
 16458 | Lair:5   | Found a one-way gate to the infinite horrors of the Abyss.
 16464 | Lair:5   | Identified the staff "Adofonli" {Stlth+ Earth}
 16566 | Snake:1  | Entered Level 1 of the Snake Pit
 16678 | Snake:1  | Found Usowun's Distillery.
 16780 | Snake:1  | Identified the +6 demon trident of the Warrior {freeze,
                  | rPois} (Okawaru gifted it to you on level 1 of the Snake
                  | Pit)
 16780 | Snake:1  | Received a gift from Okawaru
 16841 | Snake:1  | Bought a potion of cancellation for 96 gold pieces
 16841 | Snake:1  | Bought a potion of heal wounds for 60 gold pieces
 16841 | Snake:1  | Bought a potion of heal wounds for 60 gold pieces
 16841 | Snake:1  | Bought a potion of might for 48 gold pieces
 16841 | Snake:1  | Bought a potion of curing for 36 gold pieces
 16841 | Snake:1  | Bought a potion of cancellation for 96 gold pieces
 16841 | Snake:1  | Bought a potion of mutation for 96 gold pieces
 17313 | Snake:1  | Identified the ring "Zotwah" {rN+ rCorr MP+9 Stlth-}
 17329 | Snake:1  | Reached skill level 21 in Axes
 17547 | Snake:1  | Reached XP level 16. HP: 149/152 MP: 22/22
 17552 | Snake:1  | Received a gift from Okawaru
 18138 | Snake:2  | Noticed Aizul
 18147 | Snake:2  | Killed Aizul
 18648 | Snake:2  | You fall into a shaft and drop 1 floor!
 18648 | Snake:3  | Noticed Mlioglotl
 18662 | Snake:2  | Killed Mlioglotl
 18765 | Snake:3  | Received a gift from Okawaru
 19482 | Snake:3  | Identified the +5 plate armour of the Frog {rElec} (Okawaru
                  | gifted it to you on level 3 of the Snake Pit)
 19482 | Snake:3  | Received a gift from Okawaru
 19491 | Snake:3  | Identified the +5 hand axe of Gobimula {holy, rF+ rC+ Str+3
                  | Dex-4}
 19730 | Snake:3  | Reached skill level 22 in Axes
 19732 | Snake:3  | Slain by a salamander

Illustrated notes

Levels and vault maps discovered:
D:1:      nicolae_arrival_memento_mori, layout_loops_ring, corner_web_ring,
          amcnicky_mini_rare_corridor_liquid
D:2:      layout_rooms, minmay_divided_ellipse
D:3:      layout_rooms, minmay_overflow_temple_star_hex, uniq_ijyb
D:4:      layout_basic, minmay_temple_entry_enclosed_plants,
          cheibrodos_sewer_entry_bend, serial_shops, shop_statue
D:5:      layout_basic, serial_glass, glass_columns_a, glass_columns_a,
          minmay_misc_feat_square
D:6:      layout_cave_pools
D:7:      minmay_skewed_foursquare, layout_rooms, gammafunk_ghost_necromancy,
          corexii_corridor_pit, nicolae_concentric_dashed_squares_mild,
          nicolae_zen_rock_garden
D:8:      minmay_the_grid_triangle_9x9_rhombus_thin
          [minmay_the_grid_triangle_9x9_thin_v,
          minmay_the_grid_triangle_9x9_prize_center,
          minmay_the_grid_triangle_9x9_limited_checkers,
          minmay_the_grid_triangle_9x9_tough_junction], layout_cave_pods,
          lemuel_zombie_altar_yredelemnul, nicolae_qazlal_beasts_of_the_sky,
          erik_lair_dragon, minmay_gold_behind_fungi, uniq_maggie,
          uniq_jeremiah, uniq_psyche
D:9:      layout_gridville, mainiacjoe_overflow_tiny_flanked, chequers_garden,
          nicolae_shop_clearance
D:10:     layout_gridville, nicolae_gozag_zags_fifth_avenue,
          nicolae_uskayaw_murder_on_the_dancefloor, gammafunk_ghost_grave,
          uniq_erica
D:11:     minmay_klotski, layout_basic, orc_0_dummy,
          nicolae_trove_entry_free_sample, nemelex_altar_shiori, uniq_lodul
D:12:     layout_cave_pools, nicolae_looking_at_the_future, uniq_kirke
D:13:     layout_irregular_city, david_vaults_4,
          portal_ice_cave_entry_pillars_2, kennysheep_windowed_goal
D:14:     layout_rooms, gauntlet_entry_generic, xom_teletrap_fun,
          nicolae_danse_macabre, uniq_jorgrun
D:15:     hellmonk_depths_entry_around_the_bend, layout_irregular_city,
          chequers_serial_rivers_large_a
Temple:   nicolae_temple_x_marks_the_god
Lair:1:   layout_roguey, patterned_corridor
Lair:2:   layout_layer_cave, minmay_shoals_entry_lonely_mermaid, uniq_amaemon
Lair:3:   layout_gridlike, dummy_snake_entry, dpeg_oklob_1, grunt_megastairs_4,
          lemuel_fruit_tree, uniq_urug
Lair:4:   layout_roguey, slime_entry_1, gammafunk_ghost_hive, basic_altar,
          serial_bayou_pond_e, st_stairs_5, nicolae_lair_grove_arrangements,
          minivault_25
Lair:5:   hellmonk_lair_end_abyssal_woods, layout_cave_pods,
          eino_small_chamber_without_monster, serial_bayou_shore_b,
          serial_bayou_shore_a
Snake:1:  layout_chambers, serial_shops, nicolae_shop_industrial_runoff,
          nicolae_snake_snakewalk
Snake:2:  cheibrodos_forgotten_conduit, layout_chambers,
          nicolae_snake_slithery_corners, uniq_aizul
Snake:3:  layout_grid_maze, serial_bayou_shore_b, uniq_mlioglotl

Skill      XL: |  1  2  3  4  5  6  7  8  9 10 11 12 13 14 15 16 |
---------------+-------------------------------------------------+-----
Axes           | 3 4 5 6 8 10 13 15 17 18 19 21 22 | 22.0
Dodging        | 1 2 3 4 5 7 8 9 10 11 12 13 | 13.0
Shields        | 4 5 6 7 8 9 10 11 12 13 14 | 14.5
Fighting       | 4 5 6 7 8 10 11 12 14 16 17 | 17.5
Armour         | 4 5 6 7 8 10 11 12 13 14 | 14.9
Invocations    | 1 3 4 5 6 7 8 9 10 | 10.0

Action                     |  1- 3 |  4- 6 |  7- 9 | 10-12 | 13-15 | 16-18 || total
---------------------------+-------+-------+-------+-------+-------+-------++-------
  Melee: War axe           |    81 |    97 |   167 |    44 |       |       ||   389
         Headbutt          |    10 |    13 |    34 |    42 |   114 |    30 ||   243
         Broad axe         |       |       |       |   227 |   637 |   150 ||  1014
 Invoke: Heroism           |       |       |       |     1 |     2 |     1 ||     4
         Finesse           |       |       |       |       |     2 |       ||     2
  Evoke: Wand              |       |       |       |    10 |       |       ||    10
    Use: Scroll            |       |    10 |    12 |     9 |     5 |       ||    36
         Potion            |       |       |       |     1 |     1 |       ||     2
   Stab: Petrified         |       |       |       |       |     3 |       ||     3
 Armour: Scale mail        |    65 |    40 |       |       |       |       ||   105
         Pearl dragon scal |       |    44 |   259 |   317 |   679 |   135 ||  1434
         Plate armour      |       |       |       |       |       |    29 ||    29
  Dodge: Dodged            |    37 |    54 |   145 |   179 |   459 |   101 ||   975
  Block: Buckler           |    21 |    22 |    60 |   121 |   341 |    84 ||   649

Table legend: (Time is in decaauts)
 A = Elapsed time spent in this place.
 B = Non-inter-level travel time spent in this place.
 C = Inter-level travel time spent in this place.
 D = Time resting spent in this place.
 E = Time spent auto-exploring this place.
 F = Levels seen in this place.
 G = Mean time per level.
                   A        B        C        D        E       F      G
               +--------+--------+--------+--------+--------+-----+--------+
         Total |  20100 |  19229 |    871 |   2202 |  13018 |  26 |  773.1 |
       Dungeon |  11975 |  11450 |    525 |   1650 |   7435 |  15 |  798.3 |
        Temple |     20 |      2 |     18 |      0 |      0 |   1 |   20.0 |
          Lair |   4456 |   4202 |    254 |    346 |   3103 |   5 |  891.2 |
     Snake Pit |   3185 |   3112 |     73 |    206 |   2266 |   3 | 1061.7 |
         Sewer |    135 |    135 |      0 |      0 |     82 |   1 |  135.0 |
      Gauntlet |    326 |    326 |      0 |      0 |    130 |   1 |  326.0 |
               +--------+--------+--------+--------+--------+-----+--------+

Top non-repeatable levels by time:
     D:8: 1385 daAuts
 Snake:1: 1330 daAuts
  Lair:5: 1273 daAuts
 Snake:2: 1133 daAuts
    D:11: 1132 daAuts
  Lair:2: 1124 daAuts
     D:5: 1014 daAuts
     D:1: 855 daAuts
    D:13: 849 daAuts
     D:7: 837 daAuts
    D:15: 786 daAuts
  Lair:3: 778 daAuts
    D:14: 776 daAuts
 Snake:3: 722 daAuts
     D:4: 709 daAuts
